AoeStats
← MylordSoares

Arena

509694683Analyzed
4v4 RM · 3d ago on Sep 27, 2026· 41m 46s· 8 players
Game mode
Random Map
Map size
Large (8 player)
Population
200
Speed
Normal
Resources
Standard
Victory
Conquest
Starting age
Dark Age
Ending age
Imperial Age
RankedLock teamsTeams togetherTeam positionsShared explorationLock speedFull tech treeHidden civsTurbo modeCheats
Victory
Defeat
🇧🇷 Huns · Brazil
1039
+14
🇮🇳 Wei · India
942
+18
🇨🇳 Turks · China
941
+18
🇧🇷 Khmer · Brazil
834
+22
🇲🇽 Malay · Mexico
1108
-24
🇲🇽 Spanish · Mexico
963
-17
🇺🇸 Saxons · United States
951
-17
🇲🇽 Danes · Mexico
893
-14
jstep
1:04 Loom
12:18 Feudal Age
13:47 Wheelbarrow
13:00 Double-Bit Axe
12:57 Horse Collar
19:30 Castle Age
18:39 Stone Mining
18:41 Gold Mining
20:35 Bow Saw
20:27 Heavy Plow
21:04 Gold Shaft Mining
20:59 Hand Cart
30:29 Imperial Age
28:47 Town Watch
30:01 Gold Shaft Mining
29:47 Forging
29:27 Fletching
29:38 Scale Mail Armor
30:29 Town Patrol
32:14 Two-Man Saw
32:00 Crop Rotation
31:35 Shield Wall
33:16 Iron Casting
32:40 Elite Hearth Troop
34:32 Shield Wall
35:33 Conscription
34:34 Clerical Recruitment
35:51 Hoardings
37:07 Chain Mail Armor
36:48 Bodkin Arrow
36:59 Scale Barding Armor
36:58 Sappers
36:50 Man-at-Arms
37:16 Gambesons
37:32 Squires
37:18 Arson
36:53 Elite Varangian Guard
36:59 Pikeman
37:26 Long Swordsman
40:17 Halberdier
40:18 Two-Handed Swordsman
cgam05
9:45 Loom
12:24 Feudal Age
16:17 Castle Age
14:34 Stone Mining
14:38 Double-Bit Axe
22:03 Horse Collar
23:40 Pikeman
26:34 Wheelbarrow
25:52 Elite Skirmisher
28:50 Fletching
31:02 Bodkin Arrow
36:27 Imperial Age
marcobecerrap
11:08 Feudal Age
12:25 Wheelbarrow
11:37 Double-Bit Axe
15:20 Castle Age
14:48 Stone Mining
15:40 Horse Collar
24:13 Bow Saw
25:39 Hand Cart
29:35 Imperial Age
27:48 Loom
28:07 Gold Mining
28:53 Stone Shaft Mining
28:54 Forging
28:37 Fletching
29:02 Town Watch
29:45 Ballistics
30:07 Town Patrol
30:48 Iron Casting
30:19 Scale Barding Armor
30:14 Padded Archer Armor
30:10 Bodkin Arrow
30:16 Scale Mail Armor
30:49 Squires
30:34 Arson
32:00 Two-Man Saw
35:33 Chemistry
35:35 Blast Furnace
34:55 Chain Barding Armor
34:51 Leather Archer Armor
34:36 Bracer
35:01 Conscription
35:17 Fortified Wall
34:33 Onager
35:44 Chain Mail Armor
34:52 Pikeman
35:35 Husbandry
35:46 Bloodlines
34:57 Cavalier
37:59 Plate Barding Armor
37:27 Paladin
37:49 Halberdier
Lesrot
9:51 Loom
12:05 Feudal Age
17:00 Castle Age
15:45 Stone Mining
15:47 Gold Mining
15:44 Double-Bit Axe
15:58 Horse Collar
19:00 Wheelbarrow
28:41 Elite Skirmisher
32:05 Padded Archer Armor
31:56 Fletching
MylordSoares
13:02 Feudal Age
16:27 Castle Age
16:37 Double-Bit Axe
16:34 Horse Collar
18:35 Bow Saw
25:42 Gold Mining
25:43 Stone Mining
26:01 Heavy Plow
31:53 Gold Shaft Mining
31:53 Stone Shaft Mining
35:36 Caravan
38:36 Imperial Age
35:49 Light Cavalry
36:40 Bloodlines
36:30 Husbandry
36:37 Murder Holes
36:53 Fortified Wall
39:45 Heavy Scorpion
41:38 Chemistry
M1rc0ss_
12:06 Feudal Age
19:43 Castle Age
17:53 Double-Bit Axe
18:07 Horse Collar
19:02 Stone Mining
19:04 Gold Mining
21:06 Bow Saw
20:58 Heavy Plow
21:35 Gold Shaft Mining
22:20 Loom
25:41 Wheelbarrow
32:46 Imperial Age
30:20 Marauders
30:28 Scale Barding Armor
30:34 Forging
31:35 Hand Cart
34:03 Iron Casting
33:48 Chain Barding Armor
32:51 Elite Tarkan
33:36 Husbandry
33:47 Bloodlines
kailashsaravanaraj
10:25 Feudal Age
11:41 Loom
15:34 Castle Age
15:12 Double-Bit Axe
17:40 Horse Collar
23:13 Fletching
24:43 Bodkin Arrow
25:27 Thumb Ring
25:33 Gold Mining
25:33 Stone Mining
28:14 Wheelbarrow
27:51 Padded Archer Armor
33:31 Hand Cart
34:44 Bow Saw
34:39 Heavy Plow
40:10 Imperial Age
37:53 Husbandry
38:04 Bloodlines
41:51 Forging
41:47 Scale Barding Armor
41:24 Heavy Hei Guang Cavalry
9630791
11:10 Feudal Age
12:16 Loom
15:38 Castle Age
14:13 Double-Bit Axe
14:13 Horse Collar
16:22 Bloodlines
21:41 Wheelbarrow
23:31 Gold Mining
24:12 Fletching
26:37 Hand Cart
27:16 Bow Saw
32:57 Imperial Age
31:30 Heavy Plow
33:07 Bodkin Arrow
34:30 Scale Barding Armor
35:09 Forging
38:54 Stone Mining
40:05 Chain Barding Armor
41:02 Iron Casting
41:34 Gold Shaft Mining
Connection lost

Rejoining the realm…

Still unreachable

The connection could not be restored.

Session expired

The server has moved on; the page needs a fresh start.